 Dungeon Crawl Stone Soup version 0.27-a0-40-g5f2be0e231 (webtiles) character file.

Game seed: 2074133807722484446

100 wakim the Sneak (level 4, 0/21 HPs)
             Began as a Spriggan Enchanter on Jan 6, 2021.
             Succumbed to kobold's curare-tipped dart
             ... on level 2 of the Dungeon.
             The game lasted 00:11:36 (3281 turns).

wakim the Sneak (Spriggan Enchanter)                Turns: 3281, Time: 00:11:37

Health: 0/21       AC:  3    Str:  4    XL:     4   Next: 47%
Magic:  9/9        EV: 18    Int: 16    God:
Gold:   98         SH:  0    Dex: 17    Spells: 5/8 levels left

rFire    . . .     SeeInvis +   a - +1 dagger
rCold    . . .     Faith    .   (shield restricted)
rNeg     . . .     Spirit   .   e - +1 robe
rPois    .         Reflect  .   (helmet restricted)
rElec    .         Harm     .   (no cloak)
rCorr    .         Rampage  .   (gloves unavailable)
Will     .....                  (boots unavailable)
Stlth    +++.......             (no amulet)
HPRegen  0.07/turn              (no ring)
MPRegen  0.11/turn              (no ring)

@: lethally poisoned (0 -> -39), slowed, quick
A: very small, unfitting armour, see invisible, speed 3
a: no special abilities


You were on level 2 of the Dungeon.
You visited 1 branch of the dungeon, and saw 3 of its levels.

You collected 98 gold pieces.

Inventory:

Hand Weapons
 a - a +1 dagger (weapon)
 b - a +0 short sword
Missiles
 o - 86 stones
Armour
 e - a +1 robe (worn)
Scrolls
 f - 2 scrolls of teleportation {unknown}
 k - 3 scrolls of identify
 m - a scroll of remove curse
 p - a scroll of magic mapping {unknown}
Potions
 c - a potion of heal wounds {unknown}
 d - a potion of mutation {unknown}
 g - 2 potions of degeneration {unknown}
 h - a potion of brilliance {unknown}
 i - 2 potions of curing {unknown}
 j - a potion of lignification {unknown}
 l - 3 potions of invisibility
 n - a potion of cancellation {unknown}


   Skills:
 + Level 3.4 Short Blades
 - Level 3.0 Dodging
 + Level 6.6 Stealth
 - Level 2.6 Spellcasting
 - Level 3.6 Hexes


You had 5 spell levels left.
You knew the following spells:

 Your Spells              Type           Power        Failure   Level
a - Corona                Hex            14%          4%          1
b - Ensorcelled Hibernat  Hex/Ice        14%          14%         2

Your spell library contained the following spells:

 Spells                   Type           Power        Failure   Level
 Confusing Touch          Hex            13%          13%         3
 Tukima's Dance           Hex            13%          13%         3
 Dazzling Flash           Conj/Hex       14%          28%         3


Dungeon Overview and Level Annotations

Branches:
Dungeon (3/15)

Altars:
Elyvilon
Fedhas
Gozag


Innate Abilities, Weirdness & Mutations

You are very small and have problems with some larger weapons.
You are too small for most types of armour.
You have supernaturally acute eyesight. (SInv)
You cover ground extremely quickly.


Message History

Magic restored.
Done exploring.
You see here a club.
There is a stone staircase leading down here.
You climb downwards.
A kobold comes into view.
It is wielding a +0 falchion and quivering 2 curare-tipped darts.
The kobold throws a curare-tipped dart.
The curare-tipped dart hits you.
You are lethally poisoned!
You have difficulty breathing.
You feel yourself slow down.
Found a forked lead wand, a dagger and a scroll of identify.
There is a stone staircase leading up here.
You see here a curare-tipped dart.
You feel very sick.
The kobold throws a curare-tipped dart.
The curare-tipped dart hits you.
You are more poisoned.
You have difficulty breathing.
* * * LOW HITPOINT WARNING * * *
You feel as though you will be slow longer.
You climb upwards.
You die...

.....###.......#.# #.#.#
...........#.#.#.# #.#.#
...........#)#.#.# #.#.#
...........#.#.#.# #.#.#
...........#.#.#.#####.#.#
.#######.###.#.#.#<....#.#
.# #.# #.#_#.#######.#
.#######.###.#.#.#.......#
................@#.#######
########.....#.###รท#
##############.# #)#
.............#.# #.#
#####....###.#.# #.#
#....# #.#.###.# #....#
#.#.....# #....# #.#######
#....# #.#


There were no monsters in sight!

Vanquished Creatures
  An adder (D:2)
  An ooze (D:2)
  3 worms (D:2)
  3 dart slugs
  4 leopard geckos
  An orc (D:3)
  3 giant cockroaches
  11 goblins
  8 hobgoblins
  3 jackals (D:2)
  5 kobolds
  7 bats
  5 frilled lizards
  9 rats
64 creatures vanquished.

Notes
Turn   | Place    | Note
-------+----------+-------------------------------------------
     0 | D:1      | wakim the Spriggan Enchanter began the quest for the Orb.
     0 | D:1      | Reached XP level 1. HP: 9/9 MP: 5/5
   311 | D:1      | Reached XP level 2. HP: 13/13 MP: 4/6
   357 | D:1      | Reached skill level 5 in Stealth
   978 | D:1      | Learned a level 2 spell: Ensorcelled Hibernation
  1216 | D:1      | Reached XP level 3. HP: 16/16 MP: 5/8
  1540 | D:2      | Found a blossoming altar of Fedhas.
  1836 | D:2      | Reached skill level 6 in Stealth
  2100 | D:2      | Reached XP level 4. HP: 18/21 MP: 9/9
  2179 | D:2      | Found an opulent altar of Gozag.
  2575 | D:2      | Found a white marble altar of Elyvilon.
  3281 | D:2      | Succumbed to kobold's curare-tipped dart

Illustrated notes

Levels and vault maps discovered:
D:1:      minmay_arrival_four_loops, layout_loops_corners
D:2:      layout_basic, overflow_temple_1_default, grunt_gozag_statues,
          elyvilon_altar_5
D:3:      layout_basic

Skill      XL: |  1  2  3 |
---------------+----------+-----
Stealth        | 5 6 |  6.6
Short Blades   | 2 3 |  3.4
Dodging        | |  3.0
Spellcasting   | |  2.6
Hexes          | |  3.6

Action                   |  1- 3 |  4- 6 || total
-------------------------+-------+-------++-------
Melee: Dagger            |   141 |    37 ||   178
       Short sword       |    10 |       ||    10
 Cast: Corona            |    14 |     1 ||    15
       Ensorcelled Hiber |    21 |    25 ||    46
  Use: Scroll            |     4 |       ||     4
 Stab: Sleeping          |    22 |    18 ||    40
Armor: Robe              |    20 |     4 ||    24
Dodge: Dodged            |   118 |    31 ||   149

Table legend: (Time is in decaauts)
 A = Elapsed time spent in this place.
 B = Non-inter-level travel time spent in this place.
 C = Inter-level travel time spent in this place.
 D = Time resting spent in this place.
 E = Time spent auto-exploring this place.
 F = Levels seen in this place.
 G = Mean time per level.
                   A        B        C        D        E       F      G
               +--------+--------+--------+--------+--------+-----+--------+
         Total |   2557 |   2504 |     53 |    243 |   1537 |   3 |  852.3 |
       Dungeon |   2557 |   2504 |     53 |    243 |   1537 |   3 |  852.3 |
               +--------+--------+--------+--------+--------+-----+--------+

Top non-repeatable levels by time:
     D:2: 1419 daAuts
     D:1: 1097 daAuts
     D:3: 40 daAuts
